[Event "Titled Tuesday Blitz July 4 Early 2023"]
[White "Domingo Nunez, Ruben"]
[Black "Yeritsyan, Hayk"]
[WhiteFideId "22245570"]
[BlackFideId "13307320"]
[WhiteElo "2607"]
[BlackElo "2494"]
[Result "1-0"]
[Round "8"]
[TimeControl "180+2"]
[Date "2023.07.04"]
[WhiteClock "0:01:12"]
[BlackClock "0:01:20"]
[Board "76"]

1. Nf3 d5 2. g3 Nf6 3. Bg2 Bf5 4. d3 e6 5. O-O h6 6. Qe1 c6 7. Nbd2 Be7 8. e4 Bh7 9. Qe2 O-O 10. Re1 Na6 11. h3 Nc5 12. e5 Nfd7 13. Qf1 Rc8 14. Qe2 Qc7 15. Nf1 Na6 16. h4 c5 17. Bf4 Nb4 18. a3 Nc6 19. c3 Qb6 20. N1h2 Qa6 21. Red1 b5 22. Ng4 Bf5 23. Ne3 Bh7 24. Bh3 Rfe8 25. Nxd5 Bf8 26. Ne3 Qb7 27. Bg2 Qb8 28. d4 cxd4 29. cxd4 Nb6 30. d5 Nxd5 31. Nxd5 exd5 32. Rxd5 a6 33. e6 Qb7 34. Rd7 Rxe6 35. Qxe6 fxe6 36. Rxb7 1-0


[Site "https://www.chess.com"]

[Event "Titled Tuesday Blitz July 4 Early 2023"]
[White "Eynullayev, Atilla"]
[Black "Palczert, Matyas"]
[WhiteFideId "13413570"]
[BlackFideId "784958"]
[WhiteElo "2489"]
[BlackElo "2607"]
[Result "0-1"]
[Round "8"]
[TimeControl "180+2"]
[Date "2023.07.04"]
[WhiteClock "0:00:00"]
[BlackClock "0:00:10"]
[Board "77"]

1. e4 c5 2. Nf3 e6 3. d4 cxd4 4. Nxd4 Nc6 5. Nc3 Qc7 6. g3 a6 7. Bg2 Nf6 8. O-O Nxd4 9. Qxd4 Bc5 10. Bf4 d6 11. Qd3 Nd7 12. Rad1 Ne5 13. Qe2 O-O 14. Kh1 b5 15. Bc1 Bb7 16. f4 Nc6 17. g4 Nd4 18. Qf2 Ba7 19. Be3 e5 20. Nd5 Bxd5 21. exd5 f5 22. c3 fxg4 23. cxd4 exf4 24. Bxf4 g5 25. Qg3 gxf4 26. Qxg4+ Qg7 27. Rxf4 Qxg4 28. Rxg4+ Kh8 29. Re1 Rac8 30. h4 Rc4 31. Ree4 Rg8 32. Rxg8+ Kxg8 33. Re6 Bxd4 34. Bh3 Be5 35. b3 Rc1+ 36. Kg2 Rc2+ 37. Kf3 Rc3+ 38. Kg2 Rg3+ 39. Kh2 Kf7 40. Bf5 Rf3+ 41. Rxe5 dxe5 42. Bxh7 Ke7 43. Kg2 Rf7 44. Be4 Rf4 0-1


[Site "https://www.chess.com"]

[Event "Titled Tuesday Blitz July 4 Early 2023"]
[White "Begunov, Konstantin"]
[Black "Pinheiro, Iung Alicio de O."]
[WhiteFideId "4118510"]
[BlackFideId "2104350"]
[WhiteElo "2466"]
[BlackElo "2597"]
[Result "1-0"]
[Round "8"]
[TimeControl "180+2"]
[Date "2023.07.04"]
[WhiteClock "0:00:16"]
[BlackClock "0:00:00"]
[Board "78"]

1. d4 Nf6 2. c4 e5 3. dxe5 Ng4 4. Bf4 Nc6 5. Nf3 Bb4+ 6. Nbd2 Qe7 7. e3 Ngxe5 8. Be2 Nxf3+ 9. Bxf3 Ne5 10. Be2 O-O 11. O-O Bxd2 12. Qxd2 d6 13. Qc3 b6 14. b4 Bb7 15. c5 Ng6 16. Bg3 f5 17. cxd6 cxd6 18. Qd4 f4 19. Bc4+ Kh8 20. exf4 Rae8 21. Bb5 Rd8 22. Rfe1 Qf7 23. Bc4 Qf5 24. Bd3 Qh5 25. f5 Ne5 26. Bxe5 dxe5 27. Qe3 Qg4 28. Be4 Bxe4 29. Qxe4 Qxe4 30. Rxe4 Rxf5 31. Rae1 Rd2 32. f3 Rxa2 33. Rxe5 Rxe5 34. Rxe5 h6 35. b5 Kg8 36. Re7 Kf8 37. Rb7 Kg8 38. h4 h5 39. Kh2 1-0


[Site "https://www.chess.com"]

[Event "Titled Tuesday Blitz July 4 Early 2023"]
[White "Ovchinnikov, Vsevolod"]
[Black "Sanhueza, Cristian"]
[WhiteFideId "24176842"]
[BlackFideId "116815"]
[WhiteElo "2595"]
[BlackElo "2465"]
[Result "1-0"]
[Round "8"]
[TimeControl "180+2"]
[Date "2023.07.04"]
[WhiteClock "0:00:24"]
[BlackClock "0:00:01"]
[Board "79"]

1. d4 Nf6 2. c4 g6 3. Nc3 Bg7 4. e4 d6 5. h3 O-O 6. Nf3 c5 7. d5 e6 8. Nd2 exd5 9. cxd5 Re8 10. Bb5 Bd7 11. a4 a6 12. Be2 Bc8 13. a5 Nbd7 14. O-O b5 15. axb6 Nxb6 16. Ra3 Nfd7 17. Re1 c4 18. Nxc4 Nxc4 19. Bxc4 Nc5 20. f3 Qh4 21. Bf1 Bd4+ 22. Be3 Bxe3+ 23. Rxe3 Qg5 24. Kf2 Qh4+ 25. g3 Qh6 26. h4 Bd7 27. b4 Nb7 28. Rxa6 Rac8 29. Ra7 Rb8 30. Ne2 Rec8 31. Rc3 Rxc3 32. Nxc3 Bc8 33. Nb5 Qg7 34. Qd4 f6 35. Nxd6 Qc7 36. Ne8 Qc2+ 37. Be2 1-0


[Site "https://www.chess.com"]

[Event "Titled Tuesday Blitz July 4 Early 2023"]
[White "Kopczynski, Michal"]
[Black "Janaszak, Dawid"]
[WhiteFideId "1124200"]
[BlackFideId "1119206"]
[WhiteElo "2462"]
[BlackElo "2593"]
[Result "1-0"]
[Round "8"]
[TimeControl "180+2"]
[Date "2023.07.04"]
[WhiteClock "0:00:08"]
[BlackClock "0:00:00"]
[Board "80"]

1. e4 c5 2. d4 cxd4 3. c3 e5 4. cxd4 exd4 5. f4 Nc6 6. Nf3 Nf6 7. e5 Ne4 8. Bd3 Bb4+ 9. Bd2 Nxd2 10. Nbxd2 d5 11. O-O O-O 12. Nb3 f6 13. Qc2 f5 14. Kh1 Qb6 15. Rad1 Be6 16. Qf2 Rac8 17. Ng5 Nd8 18. Rc1 Rxc1 19. Rxc1 h6 20. Nxe6 Nxe6 21. Qf3 Qd8 22. g3 Be7 23. Qf2 Qb6 24. Qc2 g6 25. Qd2 Kf7 26. Rc2 h5 27. Qc1 a5 28. Nd2 Nc5 29. Qf1 Rc8 30. Nf3 Qb4 31. a3 Qb3 32. Nxd4 Qa4 33. e6+ Kg8 34. Nf3 Rd8 35. Ne5 Ne4 36. Nxg6 Bf6 37. e7 Re8 38. Ne5 Bxe5 39. fxe5 Rxe7 40. Qxf5 Qb3 41. Qg6+ Kh8 42. Bxe4 dxe4 43. Qxh5+ Rh7 44. Qe8+ Kg7 45. Rf2 Qd1+ 46. Kg2 Rxh2+ 47. Kxh2 Qh5+ 48. Kg2 Qxe8 49. Rf7+ 1-0


[Site "https://www.chess.com"]

[Event "Titled Tuesday Blitz July 4 Early 2023"]
[White "Zacurdajev, Dmitry"]
[Black "Perez Candelario, Manuel"]
[WhiteFideId "4196309"]
[BlackFideId "2210622"]
[WhiteElo "2460"]
[BlackElo "2588"]
[Result "0-1"]
[Round "8"]
[TimeControl "180+2"]
[Date "2023.07.04"]
[WhiteClock "0:00:22"]
[BlackClock "0:00:33"]
[Board "81"]

1. d4 d5 2. c4 e6 3. Nc3 Nf6 4. Nf3 Be7 5. Bf4 O-O 6. e3 b6 7. cxd5 exd5 8. Be2 Bb7 9. O-O Nbd7 10. Rc1 c5 11. dxc5 bxc5 12. b3 Rc8 13. Na4 Ne4 14. Bd3 Ndf6 15. Nd2 Nxd2 16. Qxd2 d4 17. Bf5 Qd5 18. e4 Nxe4 19. Bxe4 Qxe4 20. f3 Qd5 21. Rfe1 Bf6 22. Qa5 d3 23. Bd2 Bd4+ 24. Kh1 Qxf3 25. Rg1 Qh5 26. Bf4 Bxg1 27. Rxg1 Rfe8 28. Qxa7 Bxg2+ 29. Kxg2 Re2+ 30. Kg3 Qxh2+ 31. Kf3 Rf2+ 32. Ke3 Qxf4+ 0-1


[Site "https://www.chess.com"]

[Event "Titled Tuesday Blitz July 4 Early 2023"]
[White "Nefedov, Sergey"]
[Black "Itkis, Boris"]
[WhiteFideId "24113417"]
[BlackFideId "1209167"]
[WhiteElo "2578"]
[BlackElo "2458"]
[Result "1-0"]
[Round "8"]
[TimeControl "180+2"]
[Date "2023.07.04"]
[WhiteClock "0:01:34"]
[BlackClock "0:01:58"]
[Board "82"]

1. d4 d5 2. Nf3 Nf6 3. c4 e6 4. Nc3 Be7 5. Bg5 O-O 6. e3 h6 7. Bh4 Nbd7 8. Qc2 dxc4 9. Bxc4 a6 10. O-O b5 11. Be2 Bb7 12. Rfd1 Rc8 13. Ne5 c5 14. dxc5 Rxc5 15. Bxf6 Nxf6 16. Rxd8 Rxd8 17. Nd3 Rg5 18. g3 h5 19. h4 Rg6 20. Nf4 Rh6 21. Rd1 Rc8 22. a3 Nd5 23. Nfxd5 Bxd5 24. Qd2 Bb3 25. Qd7 1-0


[Site "https://www.chess.com"]

[Event "Titled Tuesday Blitz July 4 Early 2023"]
[White "Ladan, Nicholas"]
[Black "Arat, Ufuk Sezen"]
[WhiteFideId "30918855"]
[BlackFideId "6309089"]
[WhiteElo "2454"]
[BlackElo "2577"]
[Result "0-1"]
[Round "8"]
[TimeControl "180+2"]
[Date "2023.07.04"]
[WhiteClock "0:00:09"]
[BlackClock "0:00:21"]
[Board "83"]

1. Nc3 d5 2. e3 Nf6 3. Nf3 c5 4. d4 Nc6 5. Bb5 e6 6. Ne5 Qc7 7. Bxc6+ bxc6 8. f4 cxd4 9. exd4 c5 10. Be3 cxd4 11. Bxd4 Bb4 12. O-O Ba6 13. Re1 O-O 14. Kh1 Bxc3 15. bxc3 Ne4 16. Qg4 f5 17. Qh4 Rf6 18. Re3 Rh6 19. Qe1 Rc8 20. Nf3 Qxf4 21. Be5 Qg4 22. Nd4 f4 23. Rxe4 dxe4 24. Qxe4 Bc4 25. Qxf4 Qxf4 26. Bxf4 Bd5 27. Bxh6 gxh6 28. Ne2 Rb8 29. Kg1 Rb2 30. Nd4 e5 31. Nf3 e4 32. Nd4 Rb8 33. Kf2 a5 34. Ke3 a4 35. a3 Rc8 36. Kd2 Rf8 37. Ke3 Rc8 38. Ne2 Kf7 39. Rd1 Rc5 40. Rd4 Ra5 41. Nf4 Bc6 42. Rb4 Rc5 43. c4 Re5 44. g3 Re8 45. Nd5 Kg7 46. Rb6 Ba8 47. Ra6 Rf8 48. Ra7+ Kg6 49. Nf4+ Kg5 50. Rg7+ Kf6 51. Rxh7 Rc8 52. Rxh6+ Kg5 53. Rh5+ Kg4 54. Rh4+ Kg5 55. Ne6+ Kf6 56. Rh6+ Kf7 57. Nf4 Rxc4 58. Rh7+ Kg8 59. Ra7 Bc6 60. Ra6 Rxc2 61. Rxc6 Rxc6 62. Kxe4 Rc3 63. h4 Rxa3 64. h5 Rxg3 65. Nd3 a3 66. Nc1 Rg1 67. Nb3 Rg2 68. Kd3 a2 69. Kc3 Rg3+ 70. Kb2 Rxb3+ 71. Kxa2 Rb7 72. h6 Kh7 73. Ka3 Kxh6 74. Ka4 Kg6 75. Ka5 Kf6 76. Ka6 Rb1 77. Ka5 Ke5 78. Ka4 Kd4 79. Ka3 Kc3 80. Ka2 Rc1 81. Ka3 Ra1# 0-1


[Site "https://www.chess.com"]

[Event "Titled Tuesday Blitz July 4 Early 2023"]
[White "Gontcharov, Vladislav"]
[Black "Streltsov, Alexey"]
[WhiteFideId "4123492"]
[BlackFideId "24104434"]
[WhiteElo "2577"]
[BlackElo "2453"]
[Result "0-1"]
[Round "8"]
[TimeControl "180+2"]
[Date "2023.07.04"]
[WhiteClock "0:00:10"]
[BlackClock "0:00:30"]
[Board "84"]

1. d4 d5 2. c4 e6 3. Nc3 c6 4. e3 f5 5. Nf3 Bd6 6. Bd3 Nh6 7. Qc2 g5 8. h4 g4 9. Ng5 Ng8 10. cxd5 cxd5 11. Nxd5 h6 12. e4 exd5 13. exf5 hxg5 14. Bxg5 Be7 15. O-O-O Nf6 16. Rde1 O-O 17. Qd2 Nc6 18. Bh6 Rf7 19. h5 Nxd4 20. Qf4 Bf8 21. Bxf8 Qc7+ 22. Qxc7 Rxc7+ 23. Kb1 Kxf8 24. Re5 Bd7 25. h6 Kf7 26. h7 Rh8 27. Rh4 Rxh7 28. Rxh7+ Nxh7 29. Rxd5 Nc6 30. Bc4 Kf8 31. Bd3 Nb4 32. Rd4 Nxd3 33. a3 Bxf5 34. b4 Nf6 35. Ka2 Kf7 36. f3 g3 37. Rh4 Rc2+ 38. Kb3 Rxg2 39. f4 Rf2 0-1


[Site "https://www.chess.com"]

[Event "Titled Tuesday Blitz July 4 Early 2023"]
[White "Grossboss19"]
[Black "HamedWafa4"]
[WhiteElo "2440"]
[BlackElo "2571"]
[Result "1-0"]
[Round "8"]
[TimeControl "180+2"]
[Date "2023.07.04"]
[WhiteClock "0:00:10"]
[BlackClock "0:00:08"]
[Board "85"]

1. c4 Nf6 2. Nc3 e6 3. e4 d5 4. cxd5 exd5 5. e5 d4 6. exf6 dxc3 7. dxc3 Qxf6 8. Be3 Nc6 9. Nf3 Bd6 10. Bb5 O-O 11. O-O Bg4 12. h3 Bxf3 13. Qxf3 Qxf3 14. gxf3 Ne5 15. Be2 Rfe8 16. Rad1 Rad8 17. Rd2 Ng6 18. Rfd1 Re6 19. Bc4 Rf6 20. Bg5 Rf4 21. Bxf4 Nxf4 22. Bf1 Re8 23. Rd4 f5 24. c4 b6 25. b4 Ne6 26. Rd5 Bxb4 27. Rxf5 Bd6 28. Re1 g6 29. Rf6 Ng7 30. Rxe8+ Nxe8 31. Re6 Kf7 32. Re1 Ng7 33. Bd3 Nh5 34. Be4 Nf4 35. h4 Be7 36. Bd5+ Nxd5 37. cxd5 Bxh4 38. Rc1 Bd8 39. Rc6 Ke7 40. f4 Kd7 41. Kg2 Be7 42. Kf3 Bd6 43. Ke4 a5 44. f5 g5 45. f6 h5 46. Kf5 h4 47. Rc3 Bf4 48. Rh3 Ke8 49. f3 b5 50. Rh1 Kf7 51. Re1 Bd6 52. Kxg5 h3 53. f4 a4 54. Rh1 b4 55. Rxh3 a3 56. Rb3 Bc5 57. Kf5 Bd6 58. Rh3 Ke8 59. Ke6 Bf8 60. Rh8 b3 61. f7+ Kd8 62. Rxf8# 1-0


[Site "https://www.chess.com"]

[Event "Titled Tuesday Blitz July 4 Early 2023"]
[White "Lana Rodriguez, David"]
[Black "FuenfgegenWilly"]
[WhiteFideId "2270803"]
[WhiteElo "2566"]
[BlackElo "2415"]
[Result "1-0"]
[Round "8"]
[TimeControl "180+2"]
[Date "2023.07.04"]
[WhiteClock "0:02:16"]
[BlackClock "0:01:36"]
[Board "86"]

1. e4 e5 2. Nf3 Nc6 3. Bb5 a6 4. Bxc6 dxc6 5. O-O Bg4 6. h3 h5 7. d3 Qf6 8. Be3 Bxf3 9. Qxf3 Qxf3 10. gxf3 f6 11. f4 exf4 12. Bxf4 Bd6 13. Bxd6 cxd6 14. Nd2 O-O-O 15. f4 Ne7 16. Kf2 g5 17. Ke3 g4 18. Rh1 f5 19. Nc4 b5 20. Nd2 Kc7 21. Rag1 a5 22. Nb3 Kb6 23. Nd4 Rdf8 24. Ne6 Rf6 25. Ng5 fxe4 26. dxe4 Ng6 27. f5 Ne5 28. hxg4 h4 29. Nf3 Nc4+ 30. Kf4 Rff8 31. Rxh4 Rxh4 32. Nxh4 Nxb2 33. g5 d5 1-0


[Site "https://www.chess.com"]

[Event "Titled Tuesday Blitz July 4 Early 2023"]
[White "Kukreja Sankalp"]
[Black "Mamedov, Edgar"]
[WhiteFideId "45027676"]
[BlackFideId "13739980"]
[WhiteElo "2410"]
[BlackElo "2561"]
[Result "1-0"]
[Round "8"]
[TimeControl "180+2"]
[Date "2023.07.04"]
[WhiteClock "0:00:07"]
[BlackClock "0:00:05"]
[Board "87"]

1. e4 c5 2. Nf3 e6 3. d4 cxd4 4. Nxd4 Nf6 5. Bd3 Nc6 6. Nxc6 bxc6 7. O-O d5 8. e5 Nd7 9. f4 Ba6 10. Kh1 Bxd3 11. cxd3 Be7 12. d4 O-O 13. f5 exf5 14. Rxf5 f6 15. e6 Nb6 16. Nc3 Nc4 17. Rh5 g6 18. Rh3 f5 19. Qe2 Nd6 20. Qe3 Bf6 21. Qh6 Qe7 22. Bf4 Ne4 23. Nxe4 dxe4 24. Bd6 Qg7 25. Bxf8 Rxf8 26. Qxg7+ Bxg7 27. Rc1 Bxd4 28. Rxc6 e3 29. e7 Re8 30. Re6 f4 31. Re4 Bb6 32. Kg1 g5 33. Kf1 Kg7 34. Ke2 Kg6 35. Re6+ Kf5 36. Rhh6 g4 37. Rhf6+ Kg5 38. Rf8 f3+ 39. gxf3 gxf3+ 40. Kxf3 1-0


[Site "https://www.chess.com"]

[Event "Titled Tuesday Blitz July 4 Early 2023"]
[White "Glavina, Pablo"]
[Black "Ismagilov, Damir"]
[WhiteFideId "100234"]
[BlackFideId "34199982"]
[WhiteElo "2395"]
[BlackElo "2560"]
[Result "1-0"]
[Round "8"]
[TimeControl "180+2"]
[Date "2023.07.04"]
[WhiteClock "0:00:25"]
[BlackClock "0:00:00"]
[Board "88"]

1. c4 c5 2. Nf3 Nc6 3. d4 cxd4 4. Nxd4 e6 5. Nc3 Nf6 6. g3 Bb4 7. Bg2 O-O 8. O-O Rb8 9. Bf4 Ra8 10. Ndb5 e5 11. Bg5 Bxc3 12. Nxc3 h6 13. Bxf6 Qxf6 14. Nd5 Qd8 15. Qd2 d6 16. Rfd1 Be6 17. Rac1 Rc8 18. b3 Qd7 19. Nc3 Rfd8 20. Ne4 Nd4 21. e3 Nf5 22. Qb4 b6 23. Rd2 d5 24. Rcd1 d4 25. Nc3 Qe8 26. exd4 Nxd4 27. Nd5 Bxd5 28. Bxd5 Rc7 29. Kg2 Kh8 30. Rd3 f6 31. Qd2 Qh5 32. Qe3 Qf5 33. Be4 Qe6 34. Bd5 Qf5 35. Be4 Qg5 36. f4 Qg4 37. Bf3 Qf5 38. g4 Qg6 39. fxe5 fxe5 40. Qxe5 Rcd7 41. Rxd4 Qc2+ 42. Kg3 Kh7 43. Be4+ Qxe4 44. Qxe4+ 1-0


[Site "https://www.chess.com"]

[Event "Titled Tuesday Blitz July 4 Early 2023"]
[White "Zavgorodniy, Sergiy"]
[Black "Rosh Jain"]
[WhiteFideId "14110148"]
[BlackFideId "25789465"]
[WhiteElo "2560"]
[BlackElo "2369"]
[Result "1-0"]
[Round "8"]
[TimeControl "180+2"]
[Date "2023.07.04"]
[WhiteClock "0:00:16"]
[BlackClock "0:00:28"]
[Board "89"]

1. e4 c5 2. Nf3 d6 3. c3 Nf6 4. Bc4 Nbd7 5. Qe2 g6 6. O-O Bg7 7. d4 e5 8. dxe5 dxe5 9. Rd1 Qe7 10. Nbd2 O-O 11. a4 Nb6 12. a5 Nxc4 13. Nxc4 Bg4 14. Bg5 Qe6 15. Bxf6 Bxf6 16. Ne3 Bxf3 17. Qxf3 Rad8 18. Nd5 Bg5 19. Qe2 Qc6 20. c4 h5 21. g3 Qe6 22. h4 Be7 23. Ra3 Bd6 24. Rb3 Rd7 25. Rf3 Kg7 26. Kg2 Rfd8 27. Rfd3 Kg8 28. Qe3 Kg7 29. Nc3 Be7 30. Rd5 Rxd5 31. Rxd5 Rxd5 32. Nxd5 Bd8 33. Qxc5 a6 34. b4 Bxh4 35. Nc7 Qd7 36. Qxe5+ f6 37. Ne8+ Kf7 38. Nd6+ Kg7 39. Qd5 Qg4 40. Qxb7+ Kg8 41. Qc8+ Qxc8 42. Nxc8 Bg5 43. f4 Bh6 44. b5 axb5 45. cxb5 Bf8 46. b6 Bc5 47. b7 Ba7 48. Nxa7 h4 49. b8=Q+ Kg7 50. Qc7+ Kh6 51. Nc6 g5 52. gxh4 Kg6 53. f5+ Kh6 54. Qf7 g4 55. Qg6# 1-0


[Site "https://www.chess.com"]

[Event "Titled Tuesday Blitz July 4 Early 2023"]
[White "Estrada Nieto, Julian"]
[Black "Mindhunter08"]
[WhiteFideId "5101018"]
[WhiteElo "2558"]
[BlackElo "2327"]
[Result "0-1"]
[Round "8"]
[TimeControl "180+2"]
[Date "2023.07.04"]
[WhiteClock "0:00:00"]
[BlackClock "0:00:05"]
[Board "90"]

1. e4 e5 2. Nf3 Nc6 3. Bb5 a6 4. Bxc6 dxc6 5. O-O f6 6. d4 Bg4 7. c3 Bd6 8. Be3 Ne7 9. Nbd2 Be6 10. dxe5 fxe5 11. Ng5 Qd7 12. Nxe6 Qxe6 13. Qb3 Qxb3 14. Nxb3 b6 15. a4 a5 16. Rad1 O-O-O 17. Nd2 Ng6 18. Nc4 Be7 19. g3 Rxd1 20. Rxd1 Rd8 21. Rxd8+ Bxd8 22. f4 Bf6 23. Kg2 Kb7 24. Kf3 Ka6 25. fxe5 Bxe5 26. Bd4 Bxd4 27. cxd4 b5 28. axb5+ cxb5 29. Nd2 Kb6 30. e5 Kc6 31. Ke4 Ne7 32. Nf3 a4 33. Kd3 Kd5 34. Nd2 g5 35. Nf1 b4 36. Ne3+ Ke6 37. Kc4 b3 38. Kb4 Nc6+ 39. Kxa4 Nxd4 40. Nc4 Kd5 41. Nd2 Kxe5 42. Nxb3 Nf3 43. Nc5 Nxh2 44. Kb5 Nf1 45. g4 Kd5 46. Nd7 c6+ 47. Kb6 Kd6 48. Nf6 h6 49. b4 Ne3 50. Ng8 Nxg4 0-1


[Site "https://www.chess.com"]

[Event "Titled Tuesday Blitz July 4 Early 2023"]
[White "Juknis, Paulius"]
[Black "Matinian, Nikita"]
[WhiteFideId "12802247"]
[BlackFideId "24129100"]
[WhiteElo "2352"]
[BlackElo "2697"]
[Result "0-1"]
[Round "8"]
[TimeControl "180+2"]
[Date "2023.07.04"]
[WhiteClock "0:00:39"]
[BlackClock "0:01:54"]
[Board "91"]

1. e4 c5 2. Nc3 d6 3. d4 cxd4 4. Qxd4 Nc6 5. Qd2 g6 6. b3 Bh6 7. f4 Nf6 8. Bb2 e5 9. Nb5 O-O 10. Qxd6 Bxf4 11. Qxd8 Rxd8 12. Bd3 Nb4 13. Ke2 Bg4+ 14. Nf3 Rac8 15. Nxa7 Nxd3 16. Nxc8 Nxb2 17. Ne7+ Kg7 18. Nd5 Nxd5 19. exd5 Rxd5 20. h3 Rd2+ 21. Ke1 Bxf3 22. gxf3 Rxc2 23. Rc1 0-1


[Site "https://www.chess.com"]

[Event "Titled Tuesday Blitz July 4 Early 2023"]
[White "Amburgy, Ryan"]
[Black "robertoalejandro10"]
[WhiteFideId "30924820"]
[WhiteElo "2667"]
[BlackElo "2531"]
[Result "1-0"]
[Round "8"]
[TimeControl "180+2"]
[Date "2023.07.04"]
[WhiteClock "0:00:21"]
[BlackClock "0:00:00"]
[Board "92"]

1. d4 Nf6 2. c4 g6 3. Nc3 c5 4. d5 d6 5. e4 Bg7 6. h3 O-O 7. Nf3 Na6 8. Bd3 Nc7 9. O-O a6 10. a4 Rb8 11. Re1 Bd7 12. e5 Nfe8 13. Bg5 dxe5 14. Ne4 b6 15. a5 f5 16. axb6 Rxb6 17. Nxc5 e4 18. Bxe4 fxe4 19. Rxe4 Nf6 20. Re2 h6 21. Be3 Rb4 22. Ne5 Be8 23. Qd2 Rb6 24. Bxh6 Qd6 25. Bxg7 Kxg7 26. Ned3 Bf7 27. Qg5 Rfb8 28. Rae1 Re8 29. b4 Rbb8 30. f4 Nh7 31. Qg4 Qf6 32. Nd7 Qf5 33. Qxf5 gxf5 34. Nxb8 Rxb8 35. Rxe7 Ne8 36. c5 Nef6 37. d6 Ne4 38. Nf2 Nxf2 39. Kxf2 Kf6 40. Rc7 Nf8 41. d7 Rd8 42. c6 Ne6 43. Rc8 1-0


[Site "https://www.chess.com"]

[Event "Titled Tuesday Blitz July 4 Early 2023"]
[White "Hilary46"]
[Black "Shuvalov, Evgenij"]
[BlackFideId "4187237"]
[WhiteElo "2636"]
[BlackElo "2517"]
[Result "1-0"]
[Round "8"]
[TimeControl "180+2"]
[Date "2023.07.04"]
[WhiteClock "0:01:27"]
[BlackClock "0:00:04"]
[Board "93"]

1. e4 e6 2. d4 d5 3. Nc3 Bb4 4. e5 c5 5. a3 Bxc3+ 6. bxc3 Ne7 7. Qg4 Qc7 8. Qxg7 Rg8 9. Qxh7 cxd4 10. Qd3 Qxe5+ 11. Ne2 dxc3 12. Qxc3 Qxc3+ 13. Nxc3 Nbc6 14. Nb5 Kd7 15. Bb2 a6 16. Nc3 Kc7 17. O-O-O Bd7 18. h4 Rad8 19. h5 Bc8 20. h6 e5 21. g3 Be6 22. Bg2 f6 23. h7 Rh8 24. f4 Na5 25. fxe5 fxe5 26. Rh6 Rd6 27. Nb5+ axb5 28. Bxe5 Rxh7 29. Rxh7 Kd7 30. Bxd6 Kxd6 31. Re1 Nf5 32. Bh3 Nc4 33. Rxb7 Nd4 34. Bxe6 Nxe6 35. Rxb5 Nd4 36. Rb4 Nxa3 37. Rxd4 1-0


[Site "https://www.chess.com"]

[Event "Titled Tuesday Blitz July 4 Early 2023"]
[White "Piesik, Piotr"]
[Black "Rottenwohrer Suarez, Juan"]
[WhiteFideId "1136194"]
[BlackFideId "32068182"]
[WhiteElo "2591"]
[BlackElo "2516"]
[Result "1/2-1/2"]
[Round "8"]
[TimeControl "180+2"]
[Date "2023.07.04"]
[WhiteClock "0:01:23"]
[BlackClock "0:00:11"]
[Board "94"]

1. Nf3 Nf6 2. g3 g6 3. Bg2 Bg7 4. O-O b6 5. Ne5 c6 6. d4 Bb7 7. c4 O-O 8. Nc3 d6 9. Nd3 d5 10. cxd5 cxd5 11. Ne5 Ne4 12. Bf4 Nd7 13. Rc1 Nxe5 14. Bxe5 Bxe5 15. dxe5 Nxc3 16. Rxc3 e6 17. Qa4 Qe8 18. Qa3 Qb5 19. Rc7 Ba6 20. Rfc1 Qa5 21. Qxa5 bxa5 22. e4 d4 23. Bf1 Bxf1 24. Kxf1 Rfb8 25. R1c2 Rb5 26. f4 Rab8 27. b3 a4 28. bxa4 Rb1+ 29. Ke2 R8b4 30. Rxa7 Rh1 31. Kf3 h5 32. Rcc7 Rb2 33. g4 Rf1+ 34. Kg3 Rg1+ 35. Kh3 Rxg4 36. Rxf7 Rxa2 37. Rg7+ Kh8 38. Rh7+ Kg8 39. Rhg7+ Kh8 40. Rh7+ Kg8 41. Rag7+ Kf8 42. Rf7+ Kg8 43. Rhg7+ Kh8 44. Rh7+ Kg8 45. Rhg7+ Kh8 46. Rh7+ Kg8 1/2-1/2


[Site "https://www.chess.com"]

[Event "Titled Tuesday Blitz July 4 Early 2023"]
[White "Lehtosaari, Mauri"]
[Black "Kim, Sergey"]
[WhiteFideId "501999"]
[BlackFideId "13700570"]
[WhiteElo "2511"]
[BlackElo "2575"]
[Result "1/2-1/2"]
[Round "8"]
[TimeControl "180+2"]
[Date "2023.07.04"]
[WhiteClock "0:00:20"]
[BlackClock "0:00:33"]
[Board "95"]

1. d4 Nf6 2. Nf3 g6 3. Bg5 d6 4. Bxf6 exf6 5. g3 h5 6. h4 f5 7. Bg2 Nd7 8. Nc3 Nf6 9. e3 Bh6 10. Ne2 O-O 11. c3 Re8 12. O-O Ng4 13. Nf4 c6 14. Re1 a5 15. a4 Qb6 16. Qc2 Bd7 17. Bf1 Re7 18. Rab1 Rae8 19. Bc4 Kg7 20. b4 axb4 21. cxb4 Qd8 22. a5 Bxf4 23. exf4 Rxe1+ 24. Rxe1 Rxe1+ 25. Nxe1 Qe7 26. Nf3 d5 27. Bd3 Qxb4 28. Qa2 Be6 29. a6 bxa6 30. Bxa6 c5 31. dxc5 Qxc5 32. Qb2+ Kg8 33. Nd4 Bd7 34. Be2 Nf6 35. Qb8+ Kg7 36. Qe5 Qf8 37. Bf3 Qe8 38. Qd6 Be6 39. Qe5 Bd7 40. Qd6 Be6 41. Qe5 Bd7 1/2-1/2


[Site "https://www.chess.com"]

[Event "Titled Tuesday Blitz July 4 Early 2023"]
[White "Novik, Maxim"]
[Black "ATM622"]
[WhiteFideId "4102924"]
[WhiteElo "2506"]
[BlackElo "2572"]
[Result "1-0"]
[Round "8"]
[TimeControl "180+2"]
[Date "2023.07.04"]
[WhiteClock "0:01:39"]
[BlackClock "0:00:44"]
[Board "96"]

1. e4 c6 2. d4 d5 3. Nc3 dxe4 4. Nxe4 Bf5 5. Ng3 Bg6 6. h4 h6 7. Nf3 Nd7 8. h5 Bh7 9. Bd3 Bxd3 10. Qxd3 Ngf6 11. Bd2 e6 12. O-O-O Be7 13. Kb1 a5 14. Ne4 Nxe4 15. Qxe4 Nf6 16. Qe2 Qd5 17. Ne5 Qe4 18. Be3 Nd5 19. Qd3 Qxd3 20. Rxd3 Nxe3 21. fxe3 Bd6 22. Nc4 Bc7 23. a4 b5 24. axb5 cxb5 25. Nd2 O-O 26. Ne4 Rac8 27. c3 Bb8 28. Rdd1 Rfd8 29. g4 Kf8 30. Rhf1 Ke7 31. Rf3 Rf8 32. Kc2 f5 33. gxf5 exf5 34. Nc5 Ba7 35. Nd3 Kd6 36. Rg1 Rc7 37. Rg6+ Kd5 38. Nf4+ Ke4 39. Rf1 Re8 40. Kd2 b4 41. Nd3 bxc3+ 42. bxc3 Rb8 43. Rf4+ Kd5 44. Rxf5+ Kc4 45. Rxa5 Bb6 46. Ne5+ Kb3 47. Rb5+ 1-0


[Site "https://www.chess.com"]

[Event "Titled Tuesday Blitz July 4 Early 2023"]
[White "Asavasaetakul, Chawit"]
[Black "musclemonster12"]
[WhiteFideId "6204856"]
[WhiteElo "2569"]
[BlackElo "2505"]
[Result "0-1"]
[Round "8"]
[TimeControl "180+2"]
[Date "2023.07.04"]
[WhiteClock "0:00:00"]
[BlackClock "0:00:16"]
[Board "97"]

1. e4 c5 2. d4 cxd4 3. c3 d3 4. Bxd3 Nc6 5. Nf3 g6 6. Bc4 Bg7 7. O-O d6 8. h3 Nf6 9. Qe2 O-O 10. Rd1 Qc7 11. Bf4 Ne5 12. Bb3 b6 13. Nbd2 Bb7 14. Qe3 Nfd7 15. Bh6 Nc5 16. Bc2 Ne6 17. Bxg7 Kxg7 18. Bb3 Nc5 19. Bd5 Rad8 20. Nxe5 dxe5 21. Nf3 Bxd5 22. exd5 f6 23. c4 a5 24. b3 Rd7 25. h4 Rc8 26. Rd2 Nb7 27. Re1 Qc5 28. Qe2 Rf8 29. h5 Nd6 30. a4 g5 31. Nxe5 fxe5 32. Qxe5+ Rf6 33. Qxg5+ Kf7 34. Rde2 Nf5 35. Qg4 Rd8 36. Re4 Rg8 37. Qe2 Kf8 38. Kh1 Qd6 39. g4 Ng3+ 40. fxg3 Qxg3 41. Qe3 Qh4+ 42. Kg2 Rxg4+ 43. Rxg4 Qxg4+ 44. Qg3 Qf5 0-1


[Site "https://www.chess.com"]

[Event "Titled Tuesday Blitz July 4 Early 2023"]
[White "Kovalevsky, Stanislav"]
[Black "Pasti, Aron"]
[WhiteFideId "13508598"]
[BlackFideId "785857"]
[WhiteElo "2488"]
[BlackElo "2568"]
[Result "0-1"]
[Round "8"]
[TimeControl "180+2"]
[Date "2023.07.04"]
[WhiteClock "0:00:00"]
[BlackClock "0:00:06"]
[Board "98"]

1. c4 e5 2. Nc3 Nf6 3. g3 d5 4. cxd5 Nxd5 5. Bg2 Nb6 6. e3 Qd3 7. Nge2 Nc6 8. O-O Bf5 9. f4 e4 10. g4 Bxg4 11. Bxe4 Qd7 12. d4 O-O-O 13. a4 Re8 14. Bg2 Nc4 15. Qd3 Nd6 16. e4 Nb4 17. Qb1 f5 18. e5 Ne4 19. Bxe4 fxe4 20. Qxe4 Bf5 21. Qf3 Nc2 22. Be3 Nxa1 23. Rxa1 g5 24. fxg5 h6 25. a5 a6 26. Nd5 Bg4 27. Qg2 Bh3 28. Qe4 Qg4+ 29. Qxg4+ Bxg4 30. Nf6 Rxe5 31. dxe5 Bxe2 32. g6 Bd3 33. Rd1 Bxg6 34. Rd7 Bf5 35. Rd4 Be7 36. Rf4 Be6 37. Kf2 c5 38. Rh4 h5 39. Rxh5 Bxf6 40. Rxh8+ Bxh8 41. Bf4 Kd7 42. Ke3 Kc6 43. h4 Kd5 44. h5 Bxe5 45. h6 Bf5 46. Bg5 Bh7 47. b3 Kc6 48. Be7 Kb5 49. Bf8 Kb4 50. Kd2 Kxb3 51. Bxc5 Bc3+ 52. Kc1 Bxa5 53. Bf8 Bc3 54. Bg7 a5 55. Bh8 Bxh8 0-1


[Site "https://www.chess.com"]